AoeStats
← BigTontonP

Arabia

509971532Analyzed
1v1 RM · 4d ago on Sep 28, 2026· 65m 41s· 2 players
Game mode
Random Map
Map size
Tiny (2 player)
Population
200
Speed
Normal
Resources
Standard
Victory
Conquest
Starting age
Dark Age
Ending age
Imperial Age
RankedLock teamsTeams togetherTeam positionsShared explorationLock speedFull tech treeHidden civsTurbo modeCheats
Victory
Defeat
🇲🇽 Vietnamese · Mexico
1246
+16
🇫🇷 Magyars · France
1249
-16
Elmagnifico
7:34 Loom
9:38 Feudal Age
10:16 Double-Bit Axe
11:55 Town Watch
14:54 Fletching
17:44 Padded Archer Armor
23:26 Castle Age
21:51 Gold Mining
22:08 Horse Collar
23:31 Elite Skirmisher
23:37 Crossbowman
24:16 Bodkin Arrow
24:51 Bow Saw
27:00 Leather Archer Armor
28:39 Ballistics
32:31 Wheelbarrow
32:01 Stone Mining
33:14 Stone Shaft Mining
33:26 Hand Cart
38:46 Heavy Plow
39:27 Town Patrol
42:35 Imperial Age
42:24 Scale Mail Armor
43:00 Pikeman
44:41 Halberdier
45:22 Squires
48:31 Chemistry
47:51 Bracer
48:07 Chain Mail Armor
48:21 Arson
49:03 Arbalester
50:16 Ring Archer Armor
50:48 Paper Money
50:39 Siege Engineers
51:48 Murder Holes
51:44 Guard Tower
52:27 Plate Mail Armor
52:07 Forging
54:25 Fortified Wall
54:26 Masonry
55:36 Onager
57:49 Keep
59:46 Two-Man Saw
63:27 Hoardings
62:53 Chatras
63:47 Elite Skirmisher
BigTontonP
7:52 Loom
10:50 Feudal Age
17:30 Fletching
17:42 Padded Archer Armor
21:50 Castle Age
34:24 Double-Bit Axe
34:24 Horse Collar
39:19 Imperial Age
37:10 Corvinian Army
37:37 Scale Barding Armor
40:40 Conscription
41:35 Wheelbarrow
42:57 Chain Barding Armor
45:49 Elite Skirmisher
46:29 Bodkin Arrow
47:10 Plate Barding Armor
47:54 Thumb Ring
51:21 Bracer
53:39 Leather Archer Armor
55:27 Ballistics
56:08 Chemistry
56:36 Elite Magyar Huszar
57:37 Bloodlines
57:33 Husbandry
Connection lost

Rejoining the realm…

Still unreachable

The connection could not be restored.

Session expired

The server has moved on; the page needs a fresh start.